 Dungeon Crawl Stone Soup version 0.28-a0-724-g66f9036eb4 (webtiles) character file.

Game seed: 8920613131836118146

2533 Rennog the Slicer (level 9, -4/45 HPs)
             Began as a Vine Stalker Fighter on Oct 26, 2021.
             Was an Initiate of Ashenzari.
             Killed by divine providence
             ... invoked by an orc priest
              (7 damage)
             ... on level 6 of the Dungeon.
             The game lasted 00:09:56 (5331 turns).

Rennog the Slicer (Vine Stalker Fighter)            Turns: 5331, Time: 00:09:57

Health: -4/45      AC: 10    Str: 22    XL:     9   Next: 55%
Magic:  0/10       EV:  8    Int:  8    God:    Ashenzari [......]
Gold:   427        SH:  9    Dex: 14    Spells: 8/8 levels left

rFire   . . .      SeeInvis .   m - +2 dagger (speed)
rCold   . . .      Faith    .   c - +0 buckler of the Shackled Comet {Alch, Melee} (curse)
rNeg    . . .      Spirit   +   g - +0 chain mail
rPois   .          Reflect  +   (no helmet)
rElec   .          Harm     .   j - +0 cloak
rCorr   .          Rampage  .   (no gloves)
Will    +....                   (no boots)
Stlth   ..........              w - amulet of reflection
HPRegen 1.15/turn               (no ring)
MPRegen 0.12/turn               (no ring)

@: about to teleport
A: fangs 3, regeneration 1, magic shield, antimagic bite, no potion heal 2,
unskilled 1
a: Renounce Religion, Shatter the Chains


You were on level 6 of the Dungeon.
You worshipped Ashenzari.
Ashenzari was noncommittal.
You visited 1 branch of the dungeon, and saw 6 of its levels.
You also visited: Sewer and Ossuary.

You collected 427 gold pieces.

Inventory:

Hand Weapons
 a - a +0 rapier
 m - a +2 dagger of speed (weapon)
Armour
 b - a +0 scale mail
 c - the cursed +0 buckler of the Shackled Comet (worn) {Alch, Melee}

   It has a curse which improves the following skills: Alchemy: Poison Magic and
   Transmutations.
   Melee Combat: Short Blades, Long Blades, Axes, Maces & Flails, Polearms,
   Staves and Unarmed Combat.
 g - a +0 chain mail (worn)
 j - a +0 cloak (worn)
Jewellery
 v - a ring of see invisible
 w - an amulet of reflection (around neck)
Wands
 s - a wand of flame (8)
Scrolls
 h - a scroll of torment
 i - a scroll of vulnerability
 k - a scroll of immolation
 p - 5 scrolls of identify
 q - a scroll of magic mapping
 u - 2 scrolls of teleportation
Potions
 d - 3 potions of might
 f - 4 potions of flight
 l - a potion of heal wounds
 n - 2 potions of lignification
 o - 2 potions of attraction
 r - 3 potions of curing
 t - 4 potions of mutation
 x - 2 potions of brilliance


   Skills:
 + Level 4.1 Fighting
 - Level 9.0(9.5) Short Blades
 + Level 3.7 Armour
 + Level 2.8 Dodging
 - Level 2.4 Shields


You had 8 spell levels left.
You didn't know any spells.
Your spell library contained the following spells:

 Spells                   Type           Power      Damage    Failure   Level
 Blink                    Tloc           0%         N/A       100%        2
 Slow                     Hex            0%         N/A       100%        2
 Confusing Touch          Hex            0%         N/A       100%        3
 Lesser Beckoning         Tloc           0%         N/A       100%        3
 Tukima's Dance           Hex            0%         N/A       100%        3
 Airstrike                Air            0%         N/A       100%        4
 Passage of Golubria      Tloc           0%         N/A       100%        4
 Summon Lightning Spire   Summ/Air       0%         N/A       100%        4
 Lightning Bolt           Conj/Air       0%         1d11      100%        5
 Manifold Assault         Tloc           0%         N/A       100%        5
 Yara's Violent Unravell  Hex/Tmut       0%         3d3       100%        5


Dungeon Overview and Level Annotations

Branches:
Dungeon (6/15)             Temple (0/1) D:5           Sewer (visited)
Ossuary (visited)

Altars:
Ashenzari
Fedhas
Makhleb
Nemelex Xobeh
Ru
Trog
Vehumet

Shops:
D:4 (

Annotations:
D:6 Pikel


Innate Abilities, Weirdness & Mutations

You have razor-sharp teeth.
Your natural rate of healing is unusually fast.
When hurt, damage is shared between your health and your magic reserves.
Your bite disrupts and absorbs the magic of your enemies.
Potions cannot restore your health.
You are somewhat unskilled. (-1 Apt)


Message History

The orc priest hits you with a +0 short sword.
You hit the orc priest but do no damage.
You bite the orc priest, but do no damage.
The orc priest is lightly wounded.
Pikel says, "All the lords of Hell know my name!"
The orc priest hits you but does no damage.
You hit the orc priest.
The orc priest is moderately wounded.
You feel sick.
You hit the orc priest. You bite the orc priest. You drain its power.
You feel invigorated.
The orc priest is severely wounded.
The orc priest invokes the aid of Beogh against you.
Beogh smites you!
The orc priest mumbles some strange prayers to Beogh against you.
Pain shoots through your body!
* * * LOW HITPOINT WARNING * * *
As you read the scroll of teleportation, it crumbles to dust.
You feel strangely unstable.
You feel sick.
You are no longer poisoned.
The orc priest hits you with a +0 short sword.
* * * LOW HITPOINT WARNING * * *
The orc priest calls down the wrath of Beogh upon you.
Beogh smites you!
* * * LOW HITPOINT WARNING * * *
You block the orc priest's attack.
You hear a shout!
As you read the scroll of fog, it crumbles to dust.
The scroll dissolves into smoke.
The orc priest hits you with a +0 short sword.
* * * LOW HITPOINT WARNING * * *
The orc priest barely misses you.
You hit the orc priest but do no damage.
The orc priest is severely wounded.
You closely miss the orc priest. Your bite misses the orc priest.
The orc priest is severely wounded.
You block the orc priest's attack.
The orc priest calls down the wrath of Beogh upon you.
Beogh smites you!
You die...

#. ###......♣♣.♣
#.###....###♣♣..
#........# ♣...
#.....#### ...
######..###
#.......##
#..###§§$.#
#§o##.# #@## .#
#o# ..
#oOS......
#Ko5......
...#.#.#.#.
....... ..
.....#... ..
....... ... .
#####..# K...


You could see an ogre, 2 orc priests, an adder and an orc.

Vanquished Creatures
  Grinder (D:3)
  Sigmund (D:3)
  A black bear (D:5)
  A sky beast (D:6)
  2 necrophages
  5 ogres
  A centaur (D:4)
  2 elf zombies (Ossuary)
  A kobold brigand (Sewer)
  2 bullfrogs (D:6)
  A scorpion (D:4)
  3 water moccasin skeletons
  A bullfrog zombie (D:5)
  A centaur zombie (Ossuary)
  5 hounds
  A jelly (D:5)
  An orc priest (D:4)
  2 human zombies (Ossuary)
  An iguana (D:6)
  Jessica (D:3)
  3 orc wizards
  3 mummies (Ossuary)
  3 hound zombies (Ossuary)
  A howler monkey zombie (D:6)
  6 adders
  4 river rats
  An ufetubus (D:5)
  3 adder zombies (Ossuary)
  5 worms
  A dart slug (D:3)
  19 orcs
  6 bats
  4 endoplasms
  2 giant cockroaches
  6 goblins
  10 hobgoblins
  A jackal (Sewer)
  11 kobolds
  2 quokkas
  8 ball pythons
  4 frilled lizards
  2 goblin zombies (Ossuary)
  2 hobgoblin zombies (Ossuary)
  4 jackal zombies (Ossuary)
  5 kobold zombies (Ossuary)
  2 orc zombies (Ossuary)
  5 quokka zombies (Ossuary)
  9 rats
  4 rat zombies (Ossuary)
170 creatures vanquished.

Vanquished Creatures (others)
  A kobold (D:3)
1 creature vanquished.

Grand Total: 171 creatures vanquished

Notes
Turn   | Place    | Note
-------+----------+-------------------------------------------
     0 | D:1      | Rennog the Vine Stalker Fighter began the quest for the
                  | Orb.
     0 | D:1      | Reached XP level 1. HP: 11/11 MP: 2/2
   202 | D:1      | Reached skill level 2 in Short Blades
   497 | D:1      | Reached XP level 2. HP: 16/16 MP: 3/3
  1125 | D:2      | Found a faded altar of an unknown god.
  1178 | D:2      | Prayed at the altar of an unknown god.
  1178 | D:2      | Became a worshipper of Ru the Awakened
  1205 | D:2      | Gained mutation: You are somewhat unskilled. (-1 Apt) [Ru
                  | sacrifice]
  1205 | D:2      | Reached * piety under Ru
  1246 | D:2      | Reached XP level 3. HP: 19/19 MP: 4/4
  1289 | D:2      | Reached skill level 3 in Short Blades
  2248 | D:3      | Noticed Sigmund
  2269 | D:3      | Killed Sigmund
  2270 | D:3      | Reached skill level 4 in Short Blades
  2270 | D:3      | Gained mutation: Your natural rate of healing is unusually
                  | fast. [Vine Stalker growth]
  2270 | D:3      | Reached XP level 4. HP: 1/23 MP: 0/5
  2270 | D:3      | Reached XP level 5. HP: 1/27 MP: 0/6
  2294 | D:3      | Reached skill level 5 in Short Blades
  2331 | D:3      | Reached XP level 6. HP: 29/32 MP: 7/7
  2332 | D:3      | Found a broken altar of Ashenzari.
  2346 | D:3      | Fell from the grace of Ru
  2346 | D:3      | Became a worshipper of Ashenzari the Shackled
  2534 | D:3      | Found a glowing drain.
  2538 | Sewer    | Entered a sewer
  2658 | Sewer    | Found a glowing silver altar of Zin.
  2820 | D:3      | Found a burning altar of Makhleb.
  2842 | D:3      | Noticed Grinder
  2864 | D:3      | Killed Grinder
  2865 | D:3      | Reached skill level 6 in Short Blades
  2865 | D:3      | Reached XP level 7. HP: 15/35 MP: 8/8
  2991 | D:3      | Noticed Jessica
  2997 | D:3      | Killed Jessica
  3139 | D:3      | Found a bloodstained altar of Trog.
  3191 | D:3      | Found a blossoming altar of Fedhas.
  3312 | D:4      | Found Zusot's Weapon Shoppe.
  3367 | D:4      | Reached skill level 7 in Short Blades
  3470 | D:4      | Gained mutation: You have razor-sharp teeth. [Vine Stalker
                  | growth]
  3470 | D:4      | Reached XP level 8. HP: 29/39 MP: 9/9
  3655 | D:4      | Reached skill level 8 in Short Blades
  4050 | D:5      | Entered Level 5 of the Dungeon
  4176 | D:5      | Found a sparkling altar of Nemelex Xobeh.
  4179 | D:5      | Found a sand-covered staircase.
  4185 | Ossuary  | Entered an ossuary
  4284 | Ossuary  | Reached skill level 9 in Short Blades
  4567 | Ossuary  | Reached skill level 1 in Dodging
  4666 | D:5      | Reached XP level 9. HP: 43/43 MP: 10/10
  4763 | D:5      | Found a staircase to the Ecumenical Temple.
  4799 | D:5      | Found a radiant altar of Vehumet.
  5319 | D:6      | Noticed Pikel
  5328 | D:6      | HP: 2/45 [orc priest/divine providence (7)]
  5331 | D:6      | Killed from afar by an orc priest

Illustrated notes

Levels and vault maps discovered:
D:1:      erik_arrival_blinker_ship, layout_loops_corners,
          palyth_stone_intersect
D:2:      wander_river, layout_basic, ebering_ecumenical_altar_box,
          minmay_nonomino_d4
D:3:      layout_loops_ring, nicolae_overflow_quartered_altars,
          gup_sewer_entry_spiral, uniq_sigmund, uniq_jessica, uniq_grinder
D:4:      layout_basic, serial_shops, shop
D:5:      layout_gridville, lemuel_tele_altar, marbit_many_paths,
          minmay_temple_entry_slanted, lightli_ossuary_entry_decrepit_ruins
D:6:      layout_rooms, good_gods_temple_1, st_stairs_4,
          minmay_unpleasant_kobolds, uniq_pikel

Skill      XL: |  1  2  3  4  5  6  7  8  9 |
---------------+----------------------------+-----
Short Blades   | 2 4 5 6 7 9 |  9.0
Dodging        | 1 2 |  2.8
Fighting       | 4 |  4.1
Armour         | 3 |  3.7
Shields        | |  2.4

Action                   |  1- 3 |  4- 6 |  7- 9 || total
-------------------------+-------+-------+-------++-------
Melee: Rapier            |    41 |       |       ||    41
       Bite              |    36 |    45 |   180 ||   261
       Dagger            |   104 |   183 |   466 ||   753
Invok: Sacrifice Skill   |     1 |       |       ||     1
       Curse Item        |       |       |     1 ||     1
  Use: Scroll            |       |       |     2 ||     2
Armor: Scale mail        |     7 |       |       ||     7
       Chain mail        |    47 |    27 |   103 ||   177
Dodge: Dodged            |    34 |    21 |    51 ||   106
Block: Buckler           |    23 |    13 |    70 ||   106
       Reflection        |       |       |     1 ||     1

Table legend: (Time is in decaauts)
 A = Elapsed time spent in this place.
 B = Non-inter-level travel time spent in this place.
 C = Inter-level travel time spent in this place.
 D = Time resting spent in this place.
 E = Time spent auto-exploring this place.
 F = Levels seen in this place.
 G = Mean time per level.
                   A        B        C        D        E       F      G
               +--------+--------+--------+--------+--------+-----+--------+
         Total |   5019 |   4455 |    564 |      0 |   3551 |   8 |  627.4 |
       Dungeon |   4518 |   3954 |    564 |      0 |   3229 |   6 |  753.0 |
         Sewer |    182 |    182 |      0 |      0 |    113 |   1 |  182.0 |
       Ossuary |    318 |    318 |      0 |      0 |    209 |   1 |  318.0 |
               +--------+--------+--------+--------+--------+-----+--------+

Top non-repeatable levels by time:
     D:2: 1181 daAuts
     D:1: 918 daAuts
     D:3: 878 daAuts
     D:4: 773 daAuts
     D:5: 689 daAuts
 Ossuary: 318 daAuts
   Sewer: 182 daAuts
     D:6: 78 daAuts
